Map: Frozen Temple

Players

Kernel - Winner!

  • Race: Protoss Protoss
  • League: Gold

capac

  • Race: Terran Terran
  • League: Gold

VOD

Have the link to the VOD?

Description

Time

  • Played on: April 27, 2016, 3:21 p.m.
  • Length: 18:29
Show
View Real Time Build Order
Export as new Build Order

Kernel Protoss - Winner!

Build Orders: Cannon Rush 

Get SALT Encoding   

  12  0:01  Probe (Chrono Boost)  
  13  0:15  Pylon  
  13  0:21  Probe (Chrono Boost)  
  14  0:35  Forge  
  14  0:36  Probe (Chrono Boost)  
  15  0:50  Gateway  
  15  0:59  Pylon  
  15  1:00  Probe (Chrono Boost)  
  16  1:20  Probe (Chrono Boost)  
  16  1:21  Photon Cannon  
  16  1:23  Assimilator  
  17  1:35  Photon Cannon  
  17  1:44  Pylon  
  17  1:58  Photon Cannon  
  16  2:16  Cybernetics Core  
  16  2:17  Probe (Chrono Boost)  
  16  2:22  Assimilator  
  17  2:35  Probe (Chrono Boost)  
  17  3:01  Mothership Core (Chrono Boost)  
  19  3:06  Photon Cannon  
  19  3:08  Photon Cannon  
  19  3:28  Probe (Chrono Boost)  
  19  3:31  Warp Gate  
  19  3:32  Nexus  
  20  3:43  Probe (Chrono Boost)  
  21  4:17  Probe (Chrono Boost)  
  21  4:24  Stargate  
  22  4:27  Gateway  
  22  4:28  Probe (Chrono Boost)  
  22  4:30  Gateway  
  23  5:24  Probe x2 (Chrono Boost)  
  25  5:34  Probe (Chrono Boost)  
  25  5:35  Probe (Chrono Boost)  
  27  5:56  Probe x2 (Chrono Boost)  
  29  6:01  Oracle (Chrono Boost)  
  32  6:11  Gateway x2  
  32  6:12  Probe  
  32  6:13  Probe, Pylon  
  32  6:17  Pylon  
  32  6:18  Assimilator  
  34  6:21  Assimilator  
  34  6:22  Probe, Pylon  
  34  6:25  Probe, Pylon  
  36  6:26  Pylon  
  36  6:34  Probe (Chrono Boost)  
  36  6:37  Probe (Chrono Boost)  
  38  6:45  Probe (Chrono Boost)  
  38  6:47  Twilight Council  
  39  6:48  Probe (Chrono Boost)  
  39  6:50  Forge  
  40  6:54  Photon Cannon  
  40  6:56  Probe (Chrono Boost)  
  40  6:59  Probe (Chrono Boost)  
  42  7:03  Photon Cannon  
  42  7:06  Probe (Chrono Boost)  
  43  7:09  Probe (Chrono Boost)  
  44  7:17  Stalker x2  
  48  7:59  Probe x2 (Chrono Boost)  
  48  8:03  Zealot x5  
  60  8:07  Charge (Chrono Boost)  
  60  8:08  Probe (Chrono Boost)  
  60  8:09  Probe  
  60  8:12  Dark Shrine  
  62  8:18  Probe  
  62  8:21  Probe  
  64  8:33  Probe  
  64  8:34  Probe  
  64  8:38  Zealot x5  
  76  8:43  Probe  
  76  8:46  Probe  
  78  8:55  Robotics Facility  
  78  9:13  Nexus, Pylon  
  78  9:14  Pylon  
  78  9:16  Pylon  
  78  9:19  Pylon  
  78  9:28  Gateway  
  78  9:30  Gateway  
  78  9:36  Gateway  
  78  9:40  Probe  
  78  9:42  Probe  
  80  9:55  Probe  
  80  9:56  Probe  
  82  10:04  Assimilator  
  82  10:07  Assimilator  
  82  10:09  Pylon  
  82  10:12  Dark Templar x5  
  89  10:25  Blink (Chrono Boost)  
  89  10:26  Protoss Shields Level 1 (Chrono Boost), Protoss Ground Weapons Level 1 (Chrono Boost)  
  89  10:40  Forge  
  89  10:46  Pylon  
  75  11:21  Dark Templar x7  
  85  11:41  Probe x3  
  88  11:53  Probe  
  88  11:54  Probe x2  
  86  12:31  Stalker x4  
  86  12:32  Stalker x4  
  94  12:52  Probe  
  94  12:53  Probe x2, Photon Cannon  
  97  13:11  Robotics Facility  
  97  13:12  Robotics Facility  
  97  13:13  Robotics Bay  
  97  13:18  Photon Cannon  
  97  13:21  Zealot x2  
  97  13:22  Zealot x6  
  113  13:44  Fleet Beacon  
  113  13:49  Zealot x5  
  113  13:50  Zealot x3  
  129  14:06  Colossus x2 (Chrono Boost)  
  141  14:21  Pylon  
  141  14:24  Pylon  
  141  14:26  Pylon  
  141  14:31  Pylon  
  141  14:33  Pylon  
  141  14:36  Pylon  
  141  14:39  Colossus (Chrono Boost), Protoss Ground Weapons Level 2  
  141  14:40  Protoss Ground Armor Level 1, Protoss Shields Level 2  
  141  14:41  Nexus  
  141  14:43  Pylon  
  147  14:52  Stalker x4  
  155  14:54  Observer (Chrono Boost)  
  156  15:08  Colossus (Chrono Boost)  
  162  15:21  Photon Cannon  
  162  15:24  Warp Prism (Chrono Boost)  
  164  15:46  Colossus (Chrono Boost)  
  170  15:54  Colossus (Chrono Boost)  
  175  16:06  Colossus (Chrono Boost)  
  181  16:37  Colossus (Chrono Boost)  
  187  16:46  Colossus (Chrono Boost)  
  193  17:00  Colossus (Chrono Boost)  
  195  17:56  Zealot  
  195  17:57  Zealot x4  
Show
View Real Time Build Order
Export as new Build Order

capac Terran 

Build Orders:  

Get SALT Encoding   

  12  0:01  SCV  
  13  0:13  SCV  
  14  0:18  Supply Depot  
  14  0:27  SCV  
  15  0:39  SCV  
  15  0:41  Barracks  
  16  0:46  Refinery  
  16  0:51  SCV  
  17  1:03  SCV  
  18  1:15  SCV  
  19  1:29  Marine  
  20  1:52  Marine  
  16  2:10  Marine  
  16  2:13  Factory  
  17  2:21  Barracks  
  17  2:23  Barracks, SCV  
  17  2:28  Marine  
  19  2:34  Supply Depot  
  19  2:37  Orbital Command  
  18  3:01  Marine  
  19  3:12  Factory Tech Lab  
  19  3:14  Marine x2  
  21  3:27  SCV  
  22  3:32  Siege Tank  
  25  3:35  Barracks Tech Lab  
  25  3:36  Marine  
  25  3:39  SCV  
  27  3:51  SCV  
  25  4:18  Siege Tank  
  28  4:43  SCV  
  29  4:45  Refinery  
  25  4:53  Marine, Command Center  
  25  4:55  SCV  
  25  4:59  Marine  
  25  5:16  Marine  
  25  5:17  Marine  
  26  5:40  Marine x2  
  22  5:58  Stimpack  
  22  6:01  SCV  
  23  6:04  Starport  
  23  6:15  Marine x3  
  26  6:20  SCV  
  27  6:32  SCV  
  27  6:39  Barracks Reactor  
  28  6:44  Starport Reactor  
  28  6:45  SCV  
  28  6:46  Barracks Reactor  
  29  7:08  Marine  
  29  7:13  SCV  
  31  7:27  Marine  
  31  7:28  Marine x3  
  31  7:29  Barracks, SCV  
  26  8:00  Marine x4  
  26  8:05  Supply Depot x2, SCV  
  31  8:17  SCV x2  
  26  8:36  SCV x2  
  28  8:55  SCV x2  
  30  8:56  Command Center  
  30  9:07  SCV x2  
  32  9:19  SCV x2  
  32  9:20  Viking  
  36  9:32  SCV  
  36  9:33  SCV  
  38  9:46  Barracks Reactor  
  38  9:48  SCV x2  
  40  10:06  Liberator x2  
  40  10:21  Marine x4  
  41  10:23  Marauder  
  41  10:24  Siege Tank  
  53  10:36  Orbital Command  
  23  11:06  Supply Depot  
  23  11:08  Orbital Command  
  23  11:32  Liberator  
  23  11:39  Engineering Bay  
  23  11:52  SCV x2  
  28  12:23  Missile Turret  
  22  12:46  SCV  
  23  12:59  SCV  
  23  13:02  Orbital Command  
  23  13:03  Marine x4  
  23  13:04  Marine x2  
  30  13:19  SCV, Missile Turret  
  32  13:20  SCV  
  32  13:31  SCV  
  32  13:32  SCV  
  34  13:34  SCV  
  34  13:36  Marine  
  34  13:37  Marine x2  
  38  13:45  Bunker  
  38  13:51  Orbital Command  
  38  13:53  SCV  
  39  13:57  Marine  
  40  14:03  SCV  
  41  14:11  Refinery, SCV  
  41  14:12  Refinery  
  43  14:24  SCV x2  
  43  14:25  SCV  
  43  14:27  Marine x2  
  43  14:28  Marine x3  
  50  14:31  Combat Shields  
  50  14:34  Liberator x2  
  50  14:36  SCV x2  
  58  14:53  SCV x3  
  58  14:54  Marine x2  
  58  14:55  Marine  
  64  15:05  Marine x3, SCV x3  
  70  15:16  Marine x3  
  70  15:18  Marauder  
  75  15:26  Orbital Command  
  75  15:36  Missile Turret  
  75  15:42  Marine x2  
  77  15:47  Supply Depot x2  
  77  16:08  Marine x7, Siege Tank, SCV  
  77  16:09  Supply Depot, SCV x2  
  90  16:16  Medivac  
  92  16:31  Medivac  
  94  16:37  SCV x3  
  94  16:38  Missile Turret  
  97  16:46  Liberator  
  97  16:47  Supply Depot  
  97  16:50  Supply Depot  
  97  16:52  Liberator  
  97  17:00  Starport  
  103  17:18  Marine x3  
  103  17:19  Marine x3  
  103  17:20  Marauder  
  103  17:54  SCV x3  
  106  18:00  Supply Depot  
  106  18:06  SCV x3  
  106  18:11  Marine x5  
Tags
 
Add a new tag
Caveats
  • Supply blocks, unpowered buildings, or Contaminate may cause inaccurate times.
  • Supply counts are checked every 10 seconds.